 Dungeon Crawl Stone Soup version 0.30-a0-639-g3916f1956a (webtiles) character file.

Game seed: 10758011625353447992

91 acebull12 the Shield-Bearer (level 4, -2/35 HPs)
             Began as a Formicid Fighter on Jan 17, 2023.
             Slain by a gnoll
             ... wielding a +0 halberd
              (9 damage)
             ... on level 2 of the Dungeon.
             The game lasted 00:02:32 (1013 turns).

acebull12 the Shield-Bearer (Formicid Fighter)      Turns: 1013, Time: 00:02:33

Health: -2/35      AC:  7    Str: 22    XL:     4   Next: 87%
Magic:  4/4        EV:  9    Int:  8    God:
Gold:   109        SH:  5    Dex: 13    Spells: 3/3 levels left

rFire   . . .      SeeInvis +    a - +0 war axe
rCold   . . .      Faith    .    c - +0 buckler
rNeg    . . .      Spirit   .    b - +0 scale mail
rPois   .          Reflect  .    (helmet unavailable)
rElec   .          Harm     .    (no cloak)
rCorr   .          Rampage  .    (no gloves)
Will    .....                    (no boots) Stlth
                                 (no amulet)
HPRegen 0.25/turn                (no ring)
MPRegen 0.09/turn                (no ring)

@: no status effects
A: permanent stasis, dig shafts and tunnels, antennae 3, four strong arms
a: Dig, Shaft Self


You were on level 2 of the Dungeon.
You visited 1 branch of the dungeon, and saw 2 of its levels.

You collected 109 gold pieces.

Inventory:

Hand Weapons
 a - a +0 war axe (weapon)
Missiles
 i - 16 stones
Armour
 b - a +0 scale mail (worn)
 c - a +0 buckler (worn)
Wands
 q - a wand of paralysis (7)
Scrolls
 f - 2 scrolls of magic mapping {unknown}
 h - a scroll of teleportation {unknown}
 j - a scroll of poison {unknown}
 k - a scroll of identify {unknown}
 l - a scroll of vulnerability {unknown}
 m - a scroll of enchant armour {unknown}
 o - a scroll of fog {unknown}
 p - 2 scrolls of amnesia {unknown}
 r - a scroll of immolation {unknown}
Potions
 d - a potion of might
 e - 3 potions of heal wounds {unknown}
 g - 2 potions of resistance {unknown}
 n - 2 potions of invisibility {unknown}


   Skills:
 + Level 3.5 Fighting
 * Level 3.9 Axes
 + Level 3.7 Armour
 + Level 4.4 Shields


You had 3 spell levels left.
You didn't know any spells.
Your spell library contained the following spells:

 Spells                   Type           Power      Damage    Failure   Level
 Freeze                   Ice            0%         1d3       80%         1
 Frozen Ramparts          Ice            0%         1d1       99%         3
 Hailstorm                Conj/Ice       0%         3d3       99%         3


Dungeon Overview and Level Annotations

Branches:
Dungeon (2/15)

Altars:


Innate Abilities, Weirdness & Mutations

You cannot be hasted, slowed, berserked, paralysed or teleported.
You can dig through walls and to a lower floor.
You have a pair of large antennae on your head. (SInv)
Your four strong arms can wield two-handed weapons with a shield.


Message History

The gnoll hits you with a +0 halberd!
You barely miss the gnoll. You block the gnoll's attack.
You slash the gnoll!
The gnoll is severely wounded.
The gnoll barely misses you.
You barely miss the gnoll.
The gnoll is severely wounded.
The gnoll shouts!
You slash the gnoll!
The gnoll is severely wounded.
The gnoll hits you with a +0 flail.
You slash the gnoll!
You kill the gnoll!
The gnoll barely misses you.
The gnoll throws a throwing net.
The throwing net hits you.
You become entangled in the net!
You tear a large gash into the net.
The gnoll closely misses you.
You struggle against the net.
The gnoll hits you with a +0 whip. The gnoll closely misses you.
You rip the net and break free!
You block the gnoll's attack. The gnoll hits you with a +0 whip.
The gnoll hits you but does no damage.
You slash the gnoll!
You kill the gnoll!
The gnoll completely misses you. The gnoll barely misses you.
The gnoll hits you with a +0 halberd. The gnoll barely misses you.
Things that are here:
a +0 whip; a gnoll corpse You slash the gnoll!
You kill the gnoll!
The gnoll hits you from afar with a +0 halberd!
* * * LOW HITPOINT WARNING * * *
You block the gnoll's attack.
Things that are here:
a +0 halberd; a gnoll corpse You closely miss the gnoll.
The gnoll hits you with a +0 halberd.
* * * LOW HITPOINT WARNING * * *
You hit the gnoll but do no damage. You block the gnoll's attack.
The gnoll hits you with a +0 halberd.
* * * LOW HITPOINT WARNING * * *
You hit the gnoll but do no damage. The gnoll hits you with a +0 halberd!
You die...

..........#...
..............
#####.........
#.........
#####......###
#..........#
#####..........# ## ##
#..##.#..##.#..#
....#.##@)#.##..#.##..#
#...g##....##.. ##..
#.##..#.##..#.## .##
#.#..##.#..# #
#....##....# ...
#.g##.#..##.#. #. .. .#
.. # g. ##. #.# .. .#


You could see a gnoll.

Vanquished Creatures
  3 gnolls (D:2)
  An adder (D:2)
  A dart slug (D:2)
  6 bats
  6 endoplasms
  2 giant cockroaches (D:1)
  3 goblins
  5 hobgoblins
  3 jackals (D:2)
  2 quokkas
  4 ball pythons
  3 frilled lizards (D:2)
  8 kobolds
47 creatures vanquished.

Notes
Turn   | Place    | Note
-------+----------+-------------------------------------------
     0 | D:1      | acebull12 the Formicid Fighter began the quest for the Orb.
     0 | D:1      | Reached XP level 1. HP: 18/18 MP: 1/1
    44 | D:1      | Reached XP level 2. HP: 12/24 MP: 2/2
   268 | D:1      | Reached XP level 3. HP: 22/29 MP: 3/3
   867 | D:2      | Reached XP level 4. HP: 34/35 MP: 4/4
  1013 | D:2      | Slain by a gnoll

Illustrated notes

Levels and vault maps discovered:
D:1:      dpeg_arrival_stone_temple_mockup, layout_rooms,
          minmay_misc_feat_enclosed
D:2:      layout_basic, nicolae_eternal_life, minmay_pentomino_q4

Skill      XL: |  1  2  3 |
---------------+----------+-----
Axes           | 3 |  3.9
Fighting       | |  3.5
Armour         | |  3.7
Shields        | |  4.4

Action                   |  1- 3 |  4- 6 || total
-------------------------+-------+-------++-------
Melee: War axe           |    83 |    32 ||   115
Armor: Scale mail        |    50 |     5 ||    55
Dodge: Dodged            |    50 |    14 ||    64
Block: Buckler           |    24 |    11 ||    35

Table legend: (Time is in decaauts)
 A = Elapsed time spent in this place.
 B = Non-inter-level travel time spent in this place.
 C = Inter-level travel time spent in this place.
 D = Time resting spent in this place.
 E = Time spent auto-exploring this place.
 F = Levels seen in this place.
 G = Mean time per level.
                   A        B        C        D        E       F      G
               +--------+--------+--------+--------+--------+-----+--------+
         Total |   1057 |    996 |     61 |      0 |    678 |   2 |  528.5 |
       Dungeon |   1057 |    996 |     61 |      0 |    678 |   2 |  528.5 |
               +--------+--------+--------+--------+--------+-----+--------+

Top non-repeatable levels by time:
     D:1: 642 daAuts
     D:2: 415 daAuts
